 Dungeon Crawl Stone Soup version 0.31-a0-233-g139696dc86 (webtiles) character file.

Game seed: 1415610417438127313

42 qw the Shooter (level 3, 0/21 HPs)
             Began as a Gargoyle Hexslinger on July 7, 2023.
             Slain by a goblin
             ... wielding a +2 dagger of speed
             ... led by Robin
              (3 damage)
             ... on level 2 of the Dungeon.
             The game lasted 00:00:18 (862 turns).

qw the Shooter (Gargoyle Hexslinger)                 Turns: 862, Time: 00:00:18

Health: 0/21       AC:  6    Str: 11    XL:     3   Next: 56%
Magic:  4/4        EV: 16    Int: 13    God:
Gold:   35         SH:  0    Dex: 14    Spells: 3/4 levels left

rFire   . . .        Y - +1 sling
rCold   . . .        (no shield)
rNeg    + . .        g - +0 leather armour
rPois   inf          (no helmet)
rElec   +            (no cloak)
rCorr   .            (no gloves)
SInv    .            (no boots)
Will    .....        (no amulet)
Stlth   +            d - +5 ring of evasion
HPRegen 0.23/turn    (no ring)
MPRegen 0.09/turn

%: no passive effects
@: no status effects
A: sickness immunity, AC +3, negative energy resistance 1, electricity
resistance, torment resistance 1, petrification resistance
a: no special abilities


You were on level 2 of the Dungeon.
You visited 1 branch of the dungeon, and saw 2 of its levels.

You collected 35 gold pieces.


Innate Abilities, Weirdness & Mutations

You are immune to sickness and miasma.
Your stone body is resilient. (AC +3)
You are immune to poison.
You resist negative energy. (rN+)
You are resistant to electric shocks. (rElec)
You are resistant to unholy torment.
You are immune to petrification.


   Skills:
 - Level 2.0 Fighting
 + Level 3.4 Ranged Weapons
 - Level 1.5 Dodging
 - Level 1.0 Spellcasting
 - Level 2.6 Hexes


You had 3 spell levels left.
You knew the following spells:

 Your Spells              Type           Power      Damage    Failure   Level
a - Slow                  Hex            28%        N/A       12%         1

Your spell library contained the following spells:

 Spells                   Type           Power      Damage    Failure   Level
 Inner Flame              Hex/Fire       4%         N/A       54%         3
 Portal Projectile        Hex/Tloc       8%         N/A       54%         3
 Cause Fear               Hex            3%         N/A       77%         4

Inventory:

Hand Weapons
 Y - a +1 sling (weapon)
Armour
 g - a +0 leather armour (worn)
Jewellery
 d - a +5 ring of evasion (left hand)
Potions
 e - a potion of brilliance {unknown}
 f - a potion of enlightenment {unknown}
 h - a potion of heal wounds {unknown}

Dungeon Overview and Level Annotations

Branches:
Dungeon (2/15)

Altars:


Message History

The hobgoblin is severely wounded.
The hobgoblin barely misses you. The goblin completely misses you.
The goblin hits you but does no damage.
The hobgoblin hits you but does no damage.
The goblin misses you.
The goblin hits you with a +2 dagger of speed.
The goblin hits you but does no damage. The hobgoblin closely misses you.
The goblin closely misses you. The hobgoblin misses you.
You shoot a sling bullet. The sling bullet hits the hobgoblin.
The hobgoblin is almost dead.
The goblin no longer looks unusually strong.
The goblin barely misses you. The hobgoblin closely misses you.
The goblin hits you but does no damage. The hobgoblin misses you.
The goblin barely misses you. The goblin completely misses you.
You shoot a sling bullet. The sling bullet hits the hobgoblin.
You kill the hobgoblin!
The goblin no longer looks unusually strong.
The goblin barely misses you. The goblin closely misses you. x2
The hobgoblin hits you but does no damage.
The goblin hits you but does no damage.
You shoot a sling bullet. The sling bullet hits the goblin.
The goblin is moderately wounded.
The goblin hits you but does no damage. The hobgoblin barely misses you.
The goblin misses you. The goblin closely misses you. The goblin misses you.
The goblin completely misses you.
You shoot a sling bullet.
The sling bullet barely misses the goblin.
The goblin barely misses you. The hobgoblin barely misses you.
The goblin closely misses you. The goblin hits you but does no damage.
The goblin misses you.
The goblin hits you with a +2 dagger of speed.
The goblin closely misses you. x2
The hobgoblin hits you but does no damage.
The goblin completely misses you.
You shoot a sling bullet. The sling bullet hits the goblin.
You kill the goblin!
The goblin completely misses you. The hobgoblin closely misses you.
The goblin hits you but does no damage. x2
The goblin hits you with a +2 dagger of speed.
You die...

#. ###.#
.....############
........<........
........[....##.
........g))$...)
#....@g...#
#....gg...#
#.........#
#.<.......#
###########


You could see a hobgoblin and 3 goblins.

Vanquished Creatures
  Robin (D:2)
  2 dart slugs (D:1)
  4 ball pythons
  An endoplasm (D:1)
  8 goblins
  3 hobgoblins
  A kobold (D:1)
  2 bats (D:1)
  A frilled lizard (D:1)
  3 rats (D:1)
26 creatures vanquished.

Notes
Turn   | Place    | Note
-------+----------+-------------------------------------------
     0 | D:1      | qw the Gargoyle Hexslinger began the quest for the Orb.
     0 | D:1      | Reached XP level 1. HP: 12/12 MP: 2/2
     0 | D:1      | 0 ||| qw: Version: 0.3-a-46-gb1f654a
     0 | D:1      | 0 ||| qw: Game counter: 3156
     0 | D:1      | 0 ||| qw: Melee chars always use a shield: true
     0 | D:1      | 0 ||| qw: God list: Okawaru
     0 | D:1      | 0 ||| qw: Allow faded altars: false
     0 | D:1      | 0 ||| qw: Do Orc after clearing Dungeon:15 true
     0 | D:1      | 0 ||| qw: Do second Lair branch before Depths: true
     0 | D:1      | 0 ||| qw: Lair rune preference: random
     0 | D:1      | 0 ||| qw: Goals: Normal
     0 | D:1      | 0 ||| PLANNING D:1-11
   292 | D:1      | Reached XP level 2. HP: 16/16 MP: 3/3
   292 | D:1      | Found a faded altar of an unknown god.
   379 | D:1      | Reached skill level 3 in Ranged Weapons
   803 | D:1      | Reached XP level 3. HP: 21/21 MP: 4/4
   819 | D:1      | 819 ||| UPGRADING to +0 leather armour.
   829 | D:1      | 829 ||| DROPPING +0 robe.
   830 | D:1      | 830 ||| UPGRADING to +5 ring of evasion.
   831 | D:1      | 831 ||| READING 3 scrolls labelled DARASHE KAWK.
   832 | D:1      | 832 ||| DROPPING 2 scrolls of fog.
   833 | D:1      | 833 ||| DROPPING scroll of poison.
   842 | D:2      | Noticed Robin
   848 | D:2      | Killed Robin
   857 | D:2      | HP: 5/21 [goblin/+2 dagger of speed[Robin] (4)]
   862 | D:2      | Slain by a goblin

Levels and vault maps discovered:
D:1:      lightli_arrival_quake, layout_loops_corners,
          ebering_ecumenical_altar_webs
D:2:      layout_rooms, uniq_robin

Skill      XL: |  1  2 |
---------------+-------+-----
Ranged Weapons | 3 |  3.4
Fighting       | 2 |  2.0
Dodging        | |  1.5
Spellcasting   | |  1.0
Hexes          | |  2.6

Action                     || total
---------------------------++-------
   Fire: Sling             ||    73
    Use: Scroll            ||     1
 Armour: Robe              ||     2
         Leather armour    ||    14
  Dodge: Dodged            ||    53

Table legend:
 A = Non-vault XP
 B = Vault XP
 C = Vault XP percentage of total XP
 D = Non-vault monster count
 E = Vault monster count
 F = Vault count percentage of total count
                 A         B        C        D         E       F
            +---------+---------+-------+---------+---------+-------
      Total |      36 |      27 |  42.9 |      19 |       7 |  26.9
            +---------+---------+-------+---------+---------+-------
        D:1 |      35 |       0 |   0.0 |      18 |       0 |   0.0
        D:2 |       1 |      27 |  96.4 |       1 |       7 |  87.5
            +---------+---------+-------+---------+---------+-------
